 Dungeon Crawl Stone Soup version 0.27.0-1-g7a089689b8 (webtiles) character file.

Game seed: 9105282310660541616

36 Chaoticas the Skirmisher (level 3, -3/31 HPs)
             Began as a Ghoul Fighter on Aug 3, 2021.
             Slain by a sky beast (4 damage)
             ... on level 2 of the Dungeon.
             The game lasted 00:03:34 (2243 turns).

Chaoticas the Skirmisher (Ghoul Fighter)            Turns: 2243, Time: 00:03:34

Health: -3/31      AC:  9    Str: 19    XL:     3   Next: 37%
Magic:  2/2        EV:  7    Int:  4    God:
Gold:   25         SH:  8    Dex:  8    Spells: 2/2 levels left

rFire    . . .     SeeInvis .   a - +0 long sword
rCold    + . .     Faith    .   c - +0 kite shield
rNeg     + + +     Spirit   .   b - +0 scale mail
rPois    ∞         Reflect  .   (no helmet)
rElec    .         Harm     .   n - +0 cloak
rCorr    .         Rampage  .   o - +0 pair of gloves
Will     .....                  (no boots)
Stlth    ..........             e - amulet of magic regeneration
HPRegen  0.00/turn              (no ring)
MPRegen  0.33/turn              (no ring)

@: inhibited regen
A: claws 1, cold resistance 1, negative energy resistance 3, inhibited
regeneration, torment resistance 2
a: no special abilities


You were on level 2 of the Dungeon.
You visited 1 branch of the dungeon, and saw 3 of its levels.

You collected 25 gold pieces.

Inventory:

Hand Weapons
 a - a +0 long sword (weapon)
Armour
 b - a +0 scale mail (worn)
 c - a +0 kite shield (worn)
 n - a +0 cloak (worn)
   (You found it on level 2 of the Dungeon)
 o - a +0 pair of gloves (worn)
   (You found it on level 1 of the Dungeon)
Jewellery
 e - an amulet of magic regeneration (around neck)
   (You found it on level 2 of the Dungeon)
Scrolls
 g - 3 scrolls of teleportation {unknown}
 i - a scroll of blinking {unknown}
 k - 2 scrolls of fear {unknown}
 l - a scroll of identify {unknown}
 m - a scroll of torment {unknown}
Potions
 f - a potion of flight {unknown}
 h - a potion of haste {unknown}
 j - a potion of curing {unknown}
 p - a potion of resistance {unknown}


   Skills:
 + Level 3.6 Fighting
 * Level 2.5 Long Blades
 + Level 3.0 Armour
 + Level 3.0 Shields


You had 2 spell levels left.
You didn't know any spells.
Your spell library was empty.

Dungeon Overview and Level Annotations

Branches:
Dungeon (3/15)

Altars:

Annotations:
D:2 1 runed translucent door, Crazy Yiuf


Innate Abilities, Weirdness & Mutations

You thrive by killing the living.
You are immune to poison.
You have sharp fingernails.
Your flesh is cold resistant. (rC+)
You are immune to negative energy. (rN+++)
You do not regenerate when monsters are visible.
You are immune to unholy pain and torment.


Message History

Level annotation: 1 runed translucent door, Crazy Yiuf
There is a stone staircase leading down here.
The sky beast flickers out of sight!
Deactivating autopickup; reactivate with Ctrl-A.
A sky beast appears from thin air!
Reactivating autopickup.
The sky beast flickers out of sight!
Deactivating autopickup; reactivate with Ctrl-A.
There is a stone staircase leading up here.
Something completely misses you.
You climb upwards.
Reactivating autopickup.
There is a stone staircase leading down here.
You start waiting.
Something hits you but does no damage.
Deactivating autopickup; reactivate with Ctrl-A.
You block something's attack.
You climb downwards.
Level annotation: 1 runed translucent door, Crazy Yiuf Reactivating autopickup.
There is a stone staircase leading up here.
There is a strange disturbance nearby!
Unknown command.
Something hits you but does no damage.
Deactivating autopickup; reactivate with Ctrl-A.
You climb upwards.
Reactivating autopickup.
There is a stone staircase leading down here.
A sky beast appears from thin air!
The sky beast flickers out of sight!
Deactivating autopickup; reactivate with Ctrl-A.
A sky beast appears from thin air!
Reactivating autopickup.
The sky beast flickers out of sight!
Deactivating autopickup; reactivate with Ctrl-A.
You feel a little less mighty now. Something hits you but does no damage.
There is a stone staircase leading down here.
Something hits you.
* * * LOW HITPOINT WARNING * * *
Something shocks you.
* * * LOW HITPOINT WARNING * * *
You climb downwards.
Level annotation: 1 runed translucent door, Crazy Yiuf Reactivating autopickup.
There is a stone staircase leading up here.
Deactivating autopickup; reactivate with Ctrl-A.
You miss something. Something hits you.
You die...

#.# #.#
#.# #.#
#.# #.#
#.#
#####.#
#@....#
#####.#
###


There were no monsters in sight!

Vanquished Creatures
  2 worms (D:2)
  A dart slug (D:1)
  An endoplasm (D:1)
  3 giant cockroaches
  3 hobgoblins (D:1)
  2 jackals (D:1)
  2 quokkas
  A ball python (D:1)
  2 bats (D:1)
  A frilled lizard (D:1)
  5 goblins
  A kobold (D:1)
  2 rats (D:1)
26 creatures vanquished.

Notes
Turn   | Place    | Note
-------+----------+-------------------------------------------
     0 | D:1      | Chaoticas the Ghoul Fighter began the quest for the Orb.
     0 | D:1      | Reached XP level 1. HP: 19/19 MP: 0/0
   178 | D:1      | Reached XP level 2. HP: 17/26 MP: 1/1
   521 | D:1      | Found a faded altar of an unknown god.
   918 | D:2      | Found a runed translucent door.
   919 | D:2      | Noticed Crazy Yiuf
  1339 | D:2      | Reached XP level 3. HP: 31/31 MP: 2/2
  2172 | D:3      | Noticed a sky beast
  2241 | D:1      | HP: 1/31 [something (5)]
  2243 | D:2      | Slain by a sky beast

Illustrated notes

Levels and vault maps discovered:
D:1:      erik_arrival_blinker_ship, layout_rooms, ebering_ecumenical_altar_rust
D:2:      layout_basic, nrook_loot_triangle, uniq_crazy_yiuf_cottage
D:3:      layout_loops_ring, chei_slow_surprise, minmay_misc_feat_rugged,
          kennysheep_crisscross

Skill      XL: |  1  2  3 |
---------------+----------+-----
Long Blades    | 2 |  2.5
Armour         | 3 |  3.0
Shields        | 3 |  3.0
Fighting       | |  3.6

Action                   || total
-------------------------++-------
Melee: Long sword        ||   115
  Use: Potion            ||     1
Armor: Scale mail        ||    72
Dodge: Dodged            ||    37
Block: Kite shield       ||    62
       Rpst.: Long sword ||     8
